TOP OF THE 1ST |
Gryfindor Braves batting - Pitching for Santa Barbara Golden Cranes : RHP Melvin Haney
|
Pitching: RHP Melvin Haney
|
|
Batting: RHB António Martínez
|
0-0: Ball 1-0: Ball 2-0: Ground out 1-3 (Groundball, 13)
|
Batting: RHB Jay Parker
|
0-0: Ball 1-0: Ground out 5-3 (Groundball, 56)
|
Batting: LHB Nathan Tanner
|
0-0: Ball 1-0: Ball 2-0: Ground out U3 (Groundball, 3L)
|
Top of the 1st over - 0 run(s), 0 hit(s), 0 error(s), 0 left on base; Gryfindor 0 - Santa Barbara 0 |
BOTTOM OF THE 1ST |
Santa Barbara Golden Cranes batting - Pitching for Gryfindor Braves : RHP Travis Carson
|
Pitching: RHP Travis Carson
|
|
Batting: RHB Ángel López
|
0-0: Ball 1-0: Fly out, F4 (Popup, 6MS)
|
Batting: RHB Kyle Dempsey
|
0-0: Called Strike 0-1: Ball 1-1: Foul Ball, location: 2F 1-2: Ball 2-2: Fly out, F8 (Flyball, 8LM)
|
Batting: LHB Sinclair van Kooten
|
0-0: Ball 1-0: Fly out, F9 (Flyball, 9S)
|
Bottom of the 1st over - 0 run(s), 0 hit(s), 0 error(s), 0 left on base; Gryfindor 0 - Santa Barbara 0 |
TOP OF THE 2ND |
Gryfindor Braves batting - Pitching for Santa Barbara Golden Cranes : RHP Melvin Haney
|
Batting: RHB Rafael Arredondo
|
0-0: Ball 1-0: Called Strike 1-1: Ball 2-1: Foul Ball, location: 2F 2-2: Strikes out swinging
|
Batting: LHB Júlio Valentín
|
0-0: SINGLE (Groundball, 15) (infield hit)
|
Batting: RHB Domingo Navarro
|
0-0: Ball 1-0: Called Strike 1-1: Ball 2-1: Swinging Strike 2-2: Ball 3-2: Base on Balls Júlio Valentín to second
|
Batting: SHB Alonso Márquez
|
0-0: Swinging Strike 0-1: Foul Ball, location: 2F 0-2: Foul Ball, location: 2F 0-2: Ball 1-2: Ball 2-2: Ball 3-2: Base on Balls Júlio Valentín to third Domingo Navarro to second
|
Batting: RHB Jim Unknown
|
0-0: Ball 1-0: Fly out, F3 (Popup, 3DF)
|
Batting: LHB Jim Unknown
|
0-0: Ball 1-0: Ball 2-0: Called Strike 2-1: Fly out, F8 (Flyball, 8RXD)
|
Top of the 2nd over - 0 run(s), 1 hit(s), 0 error(s), 3 left on base; Gryfindor 0 - Santa Barbara 0 |
BOTTOM OF THE 2ND |
Santa Barbara Golden Cranes batting - Pitching for Gryfindor Braves : RHP Travis Carson
|
Batting: RHB Sake van Arem
|
0-0: Ball 1-0: Foul Ball, location: 2F 1-1: Swinging Strike 1-2: Foul Ball, location: 2F 1-2: Foul Ball, location: 2F 1-2: Foul Ball, location: 2F 1-2: Strikes out swinging
|
Batting: LHB Takahiro Harada
|
0-0: Foul Ball, location: 2F 0-1: Foul Ball, location: 2F 0-2: Ball 1-2: Ball 2-2: Foul Ball, location: 2F 2-2: Ball 3-2: Ground out U3 (Groundball, 3L)
|
Batting: SHB Shojiro Kimura
|
0-0: Ball 1-0: Foul Ball, location: 2F 1-1: SINGLE (Line Drive, 7LS)
|
Batting: LHB Chris McKinney
|
Single, Error in OF, E9, batter to second base Shojiro Kimura to third
|
Batting: LHB Marvin von Seydlitz
|
0-0: Fly out, F1 (Popup, 13S)
|
Bottom of the 2nd over - 0 run(s), 2 hit(s), 1 error(s), 2 left on base; Gryfindor 0 - Santa Barbara 0 |
TOP OF THE 3RD |
Gryfindor Braves batting - Pitching for Santa Barbara Golden Cranes : RHP Melvin Haney
|
Batting: RHB António Martínez
|
0-0: Called Strike 0-1: Ball 1-1: Foul Ball, location: 2F 1-2: Ball 2-2: Ball 3-2: Ground out 5-3 (Groundball, 56)
|
Batting: RHB Jay Parker
|
0-0: Ball 1-0: Called Strike 1-1: Ball 2-1: Called Strike 2-2: Ball 3-2: Fly out, F4 (Popup, 34)
|
Batting: LHB Nathan Tanner
|
0-0: Called Strike 0-1: Ball 1-1: Foul Ball, location: 2F 1-2: Foul Ball, location: 2F 1-2: Ball 2-2: Strikes out swinging
|
Top of the 3rd over - 0 run(s), 0 hit(s), 0 error(s), 0 left on base; Gryfindor 0 - Santa Barbara 0 |
BOTTOM OF THE 3RD |
Santa Barbara Golden Cranes batting - Pitching for Gryfindor Braves : RHP Travis Carson
|
Batting: LHB Alfonso López
|
0-0: Called Strike 0-1: Foul Ball, location: 2F 0-2: Ball 1-2: Ball 2-2: Ground out 4-3 (Groundball, 4)
|
Batting: RHB Ángel López
|
0-0: Ball 1-0: Called Strike 1-1: Ball 2-1: Fly out, F8 (Flyball, 8RD)
|
Batting: RHB Kyle Dempsey
|
0-0: Foul Ball, location: 2F 0-1: Foul Ball, location: 2F 0-2: Ball 1-2: DOUBLE (Line Drive, 7LS)
|
Batting: LHB Sinclair van Kooten
|
0-0: Ball 1-0: Ground out 5-3 (Groundball, 56S)
|
Bottom of the 3rd over - 0 run(s), 1 hit(s), 0 error(s), 1 left on base; Gryfindor 0 - Santa Barbara 0 |
TOP OF THE 4TH |
Gryfindor Braves batting - Pitching for Santa Barbara Golden Cranes : RHP Melvin Haney
|
Batting: RHB Rafael Arredondo
|
0-0: Called Strike 0-1: Ball 1-1: Ball 2-1: Foul Ball, location: 2F 2-2: Ball 3-2: Foul Ball, location: 2F 3-2: Foul Ball, location: 2F 3-2: Base on Balls
|
Batting: LHB Júlio Valentín
|
0-0: Ball 1-0: Swinging Strike 1-1: Called Strike 1-2: Ball 2-2: Foul Ball, location: 2F 2-2: Strikes out swinging
|
Batting: RHB Domingo Navarro
|
0-0: Ground out 5-3 (Groundball, 56S) Rafael Arredondo to second
|
Batting: SHB Alonso Márquez
|
0-0: Called Strike 0-1: Swinging Strike 0-2: Ground out U3 (Groundball, 3)
|
Top of the 4th over - 0 run(s), 0 hit(s), 0 error(s), 1 left on base; Gryfindor 0 - Santa Barbara 0 |
BOTTOM OF THE 4TH |
Santa Barbara Golden Cranes batting - Pitching for Gryfindor Braves : RHP Travis Carson
|
Batting: RHB Sake van Arem
|
0-0: Called Strike 0-1: SINGLE (Groundball, 6) (infield hit)
|
Batting: LHB Takahiro Harada
|
0-0: Ball 1-0: Called Strike Sake van Arem steals 2nd base 1-1: Foul Ball, location: 2F 1-2: Foul Ball, location: 2F 1-2: Ball 2-2: 2-RUN HOME RUN (Line Drive, 9D), Distance : 348 ft
|
Batting: SHB Shojiro Kimura
|
0-0: Called Strike 0-1: Called Strike 0-2: Ball 1-2: Ball 2-2: Ground out 1-3 (Groundball, 15)
|
Batting: LHB Chris McKinney
|
0-0: Foul Ball, location: 2F 0-1: Ball 1-1: Fly out, F8 (Flyball, 8LM)
|
Batting: LHB Marvin von Seydlitz
|
0-0: Called Strike 0-1: Swinging Strike 0-2: Ball 1-2: Foul Ball, location: 2F 1-2: SINGLE (Line Drive, 9S)
|
Batting: LHB Alfonso López
|
0-0: Ball 1-0: Called Strike 1-1: Swinging Strike 1-2: Foul Ball, location: 2F 1-2: Strikes out looking
|
Bottom of the 4th over - 2 run(s), 3 hit(s), 0 error(s), 1 left on base; Gryfindor 0 - Santa Barbara 2 |
TOP OF THE 5TH |
Gryfindor Braves batting - Pitching for Santa Barbara Golden Cranes : RHP Melvin Haney
|
Batting: RHB Jim Unknown
|
0-0: Foul Ball, location: 2F 0-1: Called Strike 0-2: Ball 1-2: Ball 2-2: Strikes out looking
|
Batting: LHB Jim Unknown
|
0-0: Ball 1-0: Called Strike 1-1: Ground out 1-3 (Groundball, 15S)
|
Batting: RHB António Martínez
|
0-0: Called Strike 0-1: Ball 1-1: Fly out, F2 (Popup, 3SF)
|
Top of the 5th over - 0 run(s), 0 hit(s), 0 error(s), 0 left on base; Gryfindor 0 - Santa Barbara 2 |
BOTTOM OF THE 5TH |
Santa Barbara Golden Cranes batting - Pitching for Gryfindor Braves : RHP Travis Carson
|
Batting: RHB Ángel López
|
0-0: Called Strike 0-1: Ball 1-1: Ball 2-1: Ball 3-1: Swinging Strike 3-2: Foul Ball, location: 2F 3-2: DOUBLE (Line Drive, 78XD)
|
Batting: RHB Kyle Dempsey
|
0-0: Swinging Strike 0-1: Foul Ball, location: 2F 0-2: Ball 1-2: Fly out, F9 (Line Drive, 89M)
|
Batting: LHB Sinclair van Kooten
|
0-0: Ball 1-0: Ball 2-0: DOUBLE (Line Drive, 7LS) Ángel López scores
|
Batting: RHB Sake van Arem
|
0-0: Swinging Strike 0-1: Ball 1-1: Ball 2-1: TRIPLE (Line Drive, 8RM) Sinclair van Kooten scores
|
Batting: LHB Takahiro Harada
|
0-0: SINGLE (Groundball, 4MD) Sake van Arem scores
|
Batting: SHB Shojiro Kimura
|
0-0: Swinging Strike 0-1: Ball 1-1: Swinging Strike 1-2: Ball 2-2: Ball 3-2: Base on Balls Takahiro Harada to second
|
Batting: LHB Chris McKinney
|
0-0: Fly out, F8 (Flyball, 89M)
|
Batting: LHB Marvin von Seydlitz
|
0-0: Ball 1-0: Foul Ball, location: 2F 1-1: Swinging Strike 1-2: SINGLE (Line Drive, 4MD) Takahiro Harada to third Shojiro Kimura to second Runner from 3rd tries for Home, SAFE, no throw or cutoff
|
Pitching: RHP Gabe Stephenson
|
|
Batting: LHB Alfonso López
|
0-0: Ball 1-0: Foul Ball, location: 2F 1-1: Ball 2-1: Ball 3-1: Swinging Strike 3-2: Fly out, F8 (Line Drive, 8RM)
|
Bottom of the 5th over - 4 run(s), 5 hit(s), 0 error(s), 2 left on base; Gryfindor 0 - Santa Barbara 6 |
TOP OF THE 6TH |
Gryfindor Braves batting - Pitching for Santa Barbara Golden Cranes : RHP Melvin Haney
|
Batting: RHB Jay Parker
|
0-0: Called Strike 0-1: Ball 1-1: Called Strike 1-2: Ball 2-2: Strikes out swinging
|
Batting: LHB Nathan Tanner
|
0-0: Ball 1-0: Foul Ball, location: 2F 1-1: Ball 2-1: Called Strike 2-2: Strikes out looking
|
Batting: RHB Rafael Arredondo
|
0-0: Called Strike 0-1: Swinging Strike 0-2: Strikes out swinging
|
Top of the 6th over - 0 run(s), 0 hit(s), 0 error(s), 0 left on base; Gryfindor 0 - Santa Barbara 6 |
BOTTOM OF THE 6TH |
Santa Barbara Golden Cranes batting - Pitching for Gryfindor Braves : RHP Gabe Stephenson
|
Batting: RHB Ángel López
|
0-0: Ball 1-0: Ball 2-0: Called Strike 2-1: Ball 3-1: Base on Balls
|
Batting: RHB Kyle Dempsey
|
0-0: Bunt missed! 0-1: Bunted foul 0-2: Foul Ball, location: 2F 0-2: SINGLE (Line Drive, 4MD) Ángel López to second
|
Batting: LHB Sinclair van Kooten
|
0-0: Swinging Strike 0-1: Fielders Choice at 2nd, 3-6 (Groundball, 3) Ángel López to third
|
Batting: RHB Sake van Arem
|
0-0: Ball 1-0: Called Strike 1-1: Grounds into double play, 5-4-3 (Groundball, 5)
|
Bottom of the 6th over - 0 run(s), 1 hit(s), 0 error(s), 1 left on base; Gryfindor 0 - Santa Barbara 6 |
TOP OF THE 7TH |
Gryfindor Braves batting - Pitching for Santa Barbara Golden Cranes : RHP Melvin Haney
|
Batting: LHB Júlio Valentín
|
0-0: Ball 1-0: Fly out, F8 (Flyball, 8LS)
|
Batting: RHB Domingo Navarro
|
0-0: Ball 1-0: Ball 2-0: Ground out 5-3 (Groundball, 5)
|
Batting: SHB Alonso Márquez
|
0-0: Ball 1-0: Ball 2-0: Ball 3-0: Called Strike 3-1: Called Strike 3-2: Strikes out looking
|
Top of the 7th over - 0 run(s), 0 hit(s), 0 error(s), 0 left on base; Gryfindor 0 - Santa Barbara 6 |
BOTTOM OF THE 7TH |
Santa Barbara Golden Cranes batting - Pitching for Gryfindor Braves : RHP Gabe Stephenson
|
Batting: LHB Takahiro Harada
|
0-0: Ball 1-0: Fly out, F7 (Flyball, 7M)
|
Batting: SHB Shojiro Kimura
|
0-0: Swinging Strike 0-1: SINGLE (Line Drive, 6)
|
Batting: LHB Chris McKinney
|
0-0: Ball 1-0: Called Strike 1-1: Ball 2-1: Foul Ball, location: 2F 2-2: Reached on error, E4 (Groundball, 4) Shojiro Kimura to second
|
Batting: LHB Marvin von Seydlitz
|
0-0: Ball 1-0: Foul Ball, location: 2F 1-1: Fly out, F5 (Popup, 15)
|
Batting: LHB Alfonso López
|
0-0: Ground out 3-1 (Groundball, 34S)
|
Bottom of the 7th over - 0 run(s), 1 hit(s), 1 error(s), 2 left on base; Gryfindor 0 - Santa Barbara 6 |
TOP OF THE 8TH |
Gryfindor Braves batting - Pitching for Santa Barbara Golden Cranes : RHP Melvin Haney
|
Now in CF: José Mata
|
|
Batting: RHB Jim Unknown
|
0-0: Called Strike 0-1: Ball 1-1: Ground out 4-3 (Groundball, 4M)
|
Batting: LHB Jim Unknown
|
0-0: Ball 1-0: Ball 2-0: Ball 3-0: Called Strike 3-1: Foul Ball, location: 2F 3-2: Fly out, F9 (Flyball, 9M)
|
Batting: RHB António Martínez
|
0-0: Ball 1-0: Ball 2-0: Swinging Strike 2-1: Ball 3-1: Swinging Strike 3-2: Strikes out swinging
|
Top of the 8th over - 0 run(s), 0 hit(s), 0 error(s), 0 left on base; Gryfindor 0 - Santa Barbara 6 |
BOTTOM OF THE 8TH |
Santa Barbara Golden Cranes batting - Pitching for Gryfindor Braves : RHP Gabe Stephenson
|
Batting: RHB Ángel López
|
0-0: Called Strike 0-1: Called Strike 0-2: Strikes out swinging
|
Batting: RHB Kyle Dempsey
|
0-0: Called Strike 0-1: Ground out 5-3 (Groundball, 56S)
|
Batting: LHB Sinclair van Kooten
|
0-0: Foul Ball, location: 2F 0-1: TRIPLE (Flyball, 89D)
|
Batting: RHB Sake van Arem
|
0-0: Ball 1-0: Foul Ball, location: 2F 1-1: Ball 2-1: Ground out 5-3 (Groundball, 5)
|
Bottom of the 8th over - 0 run(s), 1 hit(s), 0 error(s), 1 left on base; Gryfindor 0 - Santa Barbara 6 |
TOP OF THE 9TH |
Gryfindor Braves batting - Pitching for Santa Barbara Golden Cranes : RHP Melvin Haney
|
Pitching: LHP Doug Robinson
|
|
Batting: RHB Jay Parker
|
0-0: Foul Ball, location: 2F 0-1: Foul Ball, location: 2F 0-2: Fly out, F9 (Flyball, 9M)
|
Batting: LHB Nathan Tanner
|
0-0: Called Strike 0-1: Ball 1-1: Foul Ball, location: 2F 1-2: Ball 2-2: Foul Ball, location: 2F 2-2: Foul Ball, location: 2F 2-2: Foul Ball, location: 2F 2-2: Foul Ball, location: 2F 2-2: Foul Ball, location: 2F 2-2: Foul Ball, location: 2F 2-2: Foul Ball, location: 2F 2-2: Foul Ball, location: 2F 2-2: Ball 3-2: Ground out 1-3 (Groundball, 15S)
|
Batting: RHB Rafael Arredondo
|
0-0: Ball 1-0: Swinging Strike 1-1: Foul Ball, location: 2F 1-2: SINGLE (Groundball, 6MD)
|
Batting: LHB Júlio Valentín
|
0-0: Ball 1-0: Swinging Strike 1-1: Ground out U3 (Groundball, 3L)
|
Top of the 9th over - 0 run(s), 1 hit(s), 0 error(s), 1 left on base; Gryfindor 0 - Santa Barbara 6 |
|